 Dungeon Crawl Stone Soup version 0.30.1-11-g7821555f0a (webtiles) character file.

Game seed: 225002558851749485

966 Perskeletor the Trooper (level 7, -1/61 HPs)
             Began as a Black Draconian Fighter on Nov 2, 2023.
             Was an Initiate of Qazlal.
             Slain by an iguana (11 damage)
             ... on level 5 of the Dungeon.
             The game lasted 00:38:27 (3483 turns).

Perskeletor the Trooper (Black Draconian Fighter)   Turns: 3483, Time: 00:38:27

Health: -1/61      AC:  8    Str: 18    XL:     7   Next: 93%
Magic:  7/7        EV: 13    Int:  8    God:    Qazlal [......]
Gold:   106        SH:  5    Dex: 13    Spells: 6/6 levels left

rFire   . . .        J - +2 short sword (speed)
rCold   . . .        b - +0 buckler
rNeg    . . .        (body armour unavailable)
rPois   .            (helmet restricted)
rElec   +            N - +1 cloak
rCorr   .            (no gloves)
SInv    .            (no boots)
Will    .....        (no amulet)
Stlth   ++           (no ring)
HPRegen 0.30/turn    (no ring)
MPRegen 0.10/turn

%: no passive effects
@: on berserk cooldown, slowed, very slow
A: breathe lightning, AC +6, unfitting armour, electricity resistance,
cold-blooded
a: Breathe Lightning, Renounce Religion


You were on level 5 of the Dungeon.
You worshipped Qazlal.
Qazlal was noncommittal.
You visited 1 branch of the dungeon, and saw 5 of its levels.

You collected 106 gold pieces.

Inventory:

Hand Weapons
 a - a +0 long sword
 d - a +0 dagger
 f - a +0 club
 m - a +2 sling of flaming
 u - a +0 dagger
 v - a +0 short sword
 x - a +0 whip
 y - a +0 club
 z - a +0 club
 B - a +0 mace
 G - a +0 dagger
 I - a +0 morningstar of holy wrath
 J - a +2 short sword of speed (weapon)
 K - the +1 spear "Comn" {freeze, Int+2}
   (You found it on level 3 of the Dungeon)

   Int:       It affects your intelligence (+2).
 M - a +4 quarterstaff of chaos
 Q - a +0 dagger of holy wrath
Missiles
 e - 71 stones (quivered)
 s - 4 boomerangs
 L - 4 poisoned darts
Armour
 b - a +0 buckler (worn)
 i - a +0 leather armour
 o - a +0 leather armour
 q - a +3 leather armour of fire resistance
 t - a +0 leather armour
 D - a +0 ring mail
 E - a +0 ring mail
 H - a +0 leather armour
 N - a +1 cloak (worn)
Wands
 F - a wand of paralysis (7)
Scrolls
 g - a scroll of teleportation
 j - a scroll of immolation {unknown}
 k - a scroll of brand weapon {unknown}
 l - 2 scrolls of noise {unknown}
 n - 8 scrolls of identify {unknown}
 p - a scroll of blinking {unknown}
 r - 2 scrolls of enchant weapon {unknown}
 C - 2 scrolls of fear {unknown}
 P - a scroll of fog {unknown}
Potions
 c - a potion of might
 h - a potion of ambrosia
 w - 3 potions of berserk rage
 A - a potion of attraction {unknown}
 O - a potion of mutation {unknown}


   Skills:
 + Level 5.3 Fighting
 + Level 2.1(2.9) Short Blades
 + Level 3.1(3.4) Long Blades
 + Level 4.8 Ranged Weapons
 + Level 4.6 Dodging
 + Level 1.3 Stealth
 + Level 3.7 Shields


You had 6 spell levels left.
You didn't know any spells.
Your spell library contained the following spells:

 Spells                   Type           Power      Damage    Failure   Level
 Hailstorm                Conj/Ice       0%         3d3       86%         3
 Ice Form                 Ice/Tmut       0%         N/A       99%         4
 Simulacrum               Ice/Necr       0%         N/A       100%        6
 Malign Gateway           Summ/Tloc      0%         N/A       100%        7
 Summon Horrible Things   Summ           0%         N/A       100%        8


Dungeon Overview and Level Annotations

Branches:
Dungeon (5/15)
 Temple: D:4-7

Altars:
Cheibriados
Qazlal

Shops:
D:4 !?

Annotations:
D:4 Natasha


Innate Abilities, Weirdness & Mutations

You can breathe wild blasts of lightning.
Your glossy black scales are hard. (AC +6)
You cannot fit into any form of body armour.
You are resistant to electric shocks. (rElec)
You are cold-blooded and may be slowed by cold attacks.


Message History

J - a +2 short sword of speed (weapon)
The centaur barely misses you.
The centaur kicks you but does no damage.
You hit the centaur.
The centaur is severely wounded.
You barely miss the centaur. You tail-slap the centaur!
The centaur is almost dead.
The centaur hits you.
* * * LOW HITPOINT WARNING * * *
The centaur kicks you but does no damage.
You closely miss the centaur.
The centaur is almost dead.
The centaur hits you.
* * * LOW HITPOINT WARNING * * *
The centaur misses you.
You hit the centaur.
You kill the centaur!
Qazlal accepts your kill.
You closely miss the iguana. You puncture the iguana!
The iguana is heavily wounded.
The iguana bites you.
* * * LOW HITPOINT WARNING * * *
A phantom comes into view.
Okay, then.
Okay, then.
You hit the iguana.
The iguana is severely wounded.
You feel a strong urge to attack something.
You are no longer berserk.
You are exhausted.
You feel yourself slow down. You block the iguana's attack.
You closely miss the iguana. You tail-slap the iguana.
The iguana is almost dead.
The iguana bites you.
* * * LOW HITPOINT WARNING * * *
You hit the iguana but do no damage.
The iguana is almost dead.
The iguana bites you!
You die...

#...W...
##.......#
#.........
#.........
#.####.#......#
#...........#
######h######
#l# #@# #.# #<#
#.# ..# .### #.
#


You could see a black bear and an iguana.

Vanquished Creatures
  The ghost of yasha the Digger, an amateur DrEE of Vehumet (D:4)
  Duvessa (D:4)
  A hornet zombie (D:4)
  A centaur (D:5)
  A phantom (D:4)
  Dowan (D:4)
  A bullfrog zombie (D:4)
  A hound (D:4)
  Crazy Yiuf (D:3)
  Jessica (D:3)
  An iguana (D:4)
  A sleepcap (D:5)
  Ijyb (D:3)
  Natasha (D:4)
  An orc wizard (D:3)
  A howler monkey zombie (D:4)
  4 gnolls (D:3)
  6 adders
  2 worms
  3 dart slugs
  3 orcs (D:3)
  11 ball pythons
  6 endoplasms
  3 giant cockroaches
  11 hobgoblins
  8 jackals (D:4)
  4 quokkas
  7 bats
  3 frilled lizards
  A goblin (D:4)
  6 kobolds
  8 rats
102 creatures vanquished.

Notes
Turn   | Place    | Note
-------+----------+-------------------------------------------
     0 | D:1      | Perskeletor the Draconian Fighter began the quest for the
                  | Orb.
     0 | D:1      | Reached XP level 1. HP: 19/19 MP: 1/1
   209 | D:1      | Reached XP level 2. HP: 26/26 MP: 2/2
   822 | D:2      | Reached XP level 3. HP: 31/31 MP: 3/3
   840 | D:2      | Found a faded altar of an unknown god.
  1198 | D:2      | Reached skill level 1 in Ranged Weapons
  1198 | D:2      | Reached XP level 4. HP: 36/40 MP: 4/4
  1577 | D:3      | Noticed Ijyb
  1586 | D:3      | Paralysed by Ijyb for 2 turns
  1589 | D:3      | Killed Ijyb
  1651 | D:3      | Noticed Jessica
  1669 | D:3      | Killed Jessica
  1670 | D:3      | Reached skill level 4 in Fighting
  1670 | D:3      | Reached XP level 5. HP: 34/46 MP: 5/5
  1720 | D:3      | Identified the +1 spear "Comn" {freeze, Int+2}
  1816 | D:3      | Found a runed translucent door.
  1817 | D:3      | Noticed Crazy Yiuf
  1826 | D:3      | Killed Crazy Yiuf
  2429 | D:4      | Found a runed translucent gate.
  2429 | D:4      | Found a runed translucent gate.
  2429 | D:4      | Found a runed translucent gate.
  2430 | D:4      | Noticed yasha's ghost (amateur DrEE)
  2477 | D:4      | Killed yasha's ghost
  2478 | D:4      | Reached XP level 6. HP: 40/53 MP: 6/6
  2525 | D:4      | HP: 2/53 [hornet zombie (2)]
  2818 | D:4      | Found Ytemuyv's Magic Scroll Shoppe.
  2888 | D:4      | Your scales start taking on a glossy black colour.
  2888 | D:4      | Reached XP level 7. HP: 40/60 MP: 7/7
  2888 | D:4      | Gained mutation: You are resistant to electric shocks.
                  | (rElec) [Black Draconian growth]
  3076 | D:4      | Noticed Dowan
  3077 | D:4      | Noticed Duvessa
  3126 | D:4      | Killed Duvessa
  3126 | D:4      | Killed Dowan
  3127 | D:4      | Reached skill level 5 in Fighting
  3146 | D:4      | Reached skill level 1 in Stealth
  3208 | D:4      | Found a large runed translucent door.
  3211 | D:4      | Found a large runed translucent door.
  3233 | D:4      | Found a stormy altar of Qazlal.
  3238 | D:4      | Found a snail-covered altar of Cheibriados.
  3266 | D:4      | Became a worshipper of Qazlal Stormbringer
  3310 | D:4      | Found Ramaery's Distillery.
  3324 | D:4      | Noticed Natasha
  3331 | D:4      | Killed Natasha
  3434 | D:4      | Noticed Natasha
  3443 | D:5      | Entered Level 5 of the Dungeon
  3483 | D:5      | Slain by an iguana

Illustrated notes

Levels and vault maps discovered:
D:1:      dpeg_arrival_round_c, layout_basic
D:2:      layout_loops_ring, basic_ecumenical_altar,
          minmay_misc_feat_more_columns
D:3:      layout_loops_corners, uniq_ijyb, uniq_jessica, uniq_crazy_yiuf_cottage
D:4:      layout_rooms, jmf_multi_god_temple2, gammafunk_ghost_necromancy,
          serial_shops, nicolae_shop_tiny_glass, nicolae_shop_industrial_runoff,
          uniq_duvessa, uniq_natasha
D:5:      cheibrodos_barr_body, layout_loops_ring, elyvilon_altar_5,
          yredelemnul_forgotten_temple_becter, minmay_temple_entry_large_hall

Skill      XL: |  1  2  3  4  5  6  7 |
---------------+----------------------+-----
Dodging        | 3 4 |  4.6
Ranged Weapons | 1 2 3 4 |  4.8
Fighting       | 4 5 |  5.3
Long Blades    | 3 |  3.1
Short Blades   | 2 |  2.1
Stealth        | 1 |  1.3
Shields        | |  3.7

Action                     |  1- 3 |  4- 6 |  7- 9 || total
---------------------------+-------+-------+-------++-------
  Melee: Long sword        |    52 |    10 |       ||    62
         Tailslap          |     2 |     9 |     9 ||    20
         Short sword       |       |    67 |    57 ||   124
         Sling             |       |     4 |     1 ||     5
   Fire: Sling             |    43 |   110 |    52 ||   205
  Throw: Stone             |       |     4 |     1 ||     5
Ability: Breathe Lightning |       |       |     6 ||     6
    Use: Potion            |       |     5 |     1 ||     6
         Scroll            |       |       |     2 ||     2
 Armour: Skin              |    22 |    46 |    38 ||   106
  Dodge: Dodged            |    58 |    82 |    61 ||   201
  Block: Buckler           |    16 |    30 |    23 ||    69
